 Dungeon Crawl Stone Soup version 0.18-a0-1-gfac8111 (console) character file.

28 endege the Covered (level 2, -1/27 HPs)
             Began as a Minotaur Fighter on Oct 30, 2015.
             Slain by an adder (5 damage)
             ... on level 2 of the Dungeon.
             The game lasted 00:05:07 (850 turns).

endege the Covered (Minotaur Fighter)                Turns: 850, Time: 00:05:07

Health: -1/27      AC:  3    Str: 20    XL:     2   Next: 96%
Magic:  1/1        EV:  9    Int:  5    God:
Gold:   49         SH:  9    Dex:  9    Spells: 0 memorised, 1 level left

rFire  . . .     SeeInvis .     g - +3 hand axe (elec)
rCold  . . .     Clarity  +     n - +1 robe {MR+}
rNeg   . . .     SustAt   +     c - +0 shield
rPois  .         Gourm    .     (helmet restricted)
rElec  .         Spirit   .     (no cloak)
rCorr  .         Warding  .     (no gloves)
rMut   .         Stasis   .     (no boots)
MR     +....                    f - amulet of clarity
Stlth  +.........               (no ring)
                                o - ring of sustain attributes

@: somewhat resistant to hostile enchantments, very unstealthy
A: retaliatory headbutt, horns 2
a: no special abilities


You were on level 2 of the Dungeon.
You were not hungry.

You visited 1 branch of the dungeon, and saw 2 of its levels.

You collected 49 gold pieces.


Innate Abilities, Weirdness & Mutations

You reflexively headbutt those who attack you in melee.
You have a pair of horns on your head.


   Skills:
 + Level 3.9 Fighting
 + Level 2.8 Polearms
 + Level 4.1 Armour
 + Level 4.1 Shields


You had one spell level left.
You didn't know any spells.

Inventory:

Hand Weapons
 a - a +0 trident
 g - a +3 hand axe of electrocution (weapon)
Armour
 b - a +0 scale mail
 c - a +0 shield (worn)
 n - a +1 robe of magic resistance (worn)
Jewellery
 f - an amulet of clarity (around neck)
 o - a ring of sustain attributes (left hand)
Scrolls
 i - 3 scrolls of identify {unknown}
 k - a scroll of remove curse {unknown}
 p - a scroll of noise {unknown}
Potions
 d - a potion of might
 h - a potion of flight {unknown}
 l - a potion of mutation {unknown}
 m - a potion of cancellation {unknown}
Comestibles
 e - a bread ration
 j - a beef jerky

Dungeon Overview and Level Annotations

Branches:
Dungeon (2/15)

Altars:
Okawaru
Trog

▒...▒....▒▒...▒
▒▒▒▒▒.▒..▒▒...▒ ........
▒.....'...+ .......▒
▒▒▒▒▒▒▒...▒ ▒......▒
..▒▒▒▒▒...▒ ▒......▒
..........▒ ▒....$.▒
.....▒....▒ ▒......▒
..▒. ▒....▒ ▒▒.†)...▒
▒▒▒.▒▒....▒▒▒▒▒.......▒▒
<.......J...............
.......HS.......▒▒▒▒▒▒▒▒
▒..._....▒▒▒............
..........▒▒............
..........▒▒............
....8.....▒▒............
..........▒▒............
▒..........▒............
▒..._....▒+▒............
....▒▒+▒▒▒▒▒▒▒▒ ....
▒...[


You could see an ooze and an adder.


Message History

You hit the ooze.
The ooze is heavily wounded.
You hit the adder.
The adder is moderately wounded.
The adder bites you but does no damage. You block the ooze's attack.
The goblin hits you.
You completely miss the ooze.
The ooze is heavily wounded.
You closely miss the adder.
The adder is moderately wounded.
You barely miss the goblin. The adder bites you. You block the ooze's attack.
You block the adder's attack. The goblin hits you but does no damage.
You hit the ooze.
The ooze is heavily wounded.
You hit the goblin.
You kill the goblin!
You closely miss the adder.
The adder is moderately wounded.
You block the adder's attack. The ooze hits you.
* * * LOW HITPOINT WARNING * * *
The ooze hits you.
* * * LOW HITPOINT WARNING * * *
The adder bites you.
* * * LOW HITPOINT WARNING * * *
The ooze hits you.
* * * LOW HITPOINT WARNING * * *
You block the adder's attack. The adder bites you but does no damage.
Found an iron altar of Okawaru.
The adder bites you.
You die...

Action                   || total
-------------------------++-------
Melee: Trident           ||    23
       Hand axe          ||    29

Vault maps used:
D:1:      shiori_arrival_whats_in_store_for_you
D:2:      grunt_temple_overflow_open, kennysheep_vampire_church, fedhas_altar_4

Notes
Turn   | Place    | Note
--------------------------------------------------------------
     0 | D:1      | endege the Minotaur Fighter began the quest for the Orb.
     0 | D:1      | Reached XP level 1. HP: 19/19 MP: 0/0
     0 | D:1      | Noticed a human
     0 | D:1      | Noticed a spriggan
     5 | D:1      | Noticed a spriggan
     8 | D:1      | Noticed a vampire
     9 | D:1      | Noticed a spriggan
    12 | D:1      | Noticed a human
    14 | D:1      | Noticed a human
    14 | D:1      | Noticed a vampire
    16 | D:1      | Noticed a minotaur
    18 | D:1      | Noticed a gargoyle
    18 | D:1      | Noticed a draconian
    20 | D:1      | Noticed a naga
    20 | D:1      | Noticed a naga
   137 | D:1      | Reached XP level 2. HP: 20/27 MP: 1/1
   497 | D:1      | Reached skill level 4 in Armour
   783 | D:2      | Found a bloodstained altar of Trog.
   838 | D:2      | Reached skill level 4 in Shields
   848 | D:2      | Found an iron altar of Okawaru.
   850 | D:2      | Slain by an adder

Vanquished Creatures
  An ooze (D:2)
  A giant cockroach (D:1)
  5 goblins
  4 hobgoblins
  2 jackals (D:1)
  2 bats (D:1)
  2 giant newts (D:1)
  A kobold (D:1)
  3 rats
21 creatures vanquished.
